Map: Pillars of Gold LE

Players

Jason - Winner!

  • Race: Terran Terran
  • League: Grandmaster
  • Spawn Location: 7:00

PattyMac

  • Race: Protoss Protoss
  • League: Grandmaster
  • Spawn Location: 1:00

VOD

Have the link to the VOD?

Description

Time

  • Played on: Jan. 5, 2021, 4:25 p.m.
  • Length: 13:48
Show
View Real Time Build Order
Export as new Build Order

Jason Terran - Winner!

Build Orders: Reaper Expand 

Get SALT Encoding   

  12  0:00  SCV  
  13  0:12  SCV  
  14  0:17  Supply Depot  
  14  0:24  SCV  
  15  0:39  SCV  
  15  0:40  Barracks  
  16  0:44  Refinery  
  16  0:51  SCV  
  17  1:03  SCV  
  18  1:15  SCV  
  19  1:27  Orbital Command, Reaper  
  20  1:52  Command Center  
  20  1:55  SCV  
  20  1:59  Marine  
  22  2:05  Supply Depot  
  22  2:07  SCV  
  23  2:20  Factory  
  23  2:26  Marine, SCV  
  23  2:28  Refinery  
  25  2:38  SCV  
  26  2:45  Barracks Reactor  
  26  2:51  SCV  
  27  2:52  Bunker  
  27  3:03  SCV  
  28  3:07  Orbital Command  
  28  3:09  Starport  
  28  3:10  Hellion  
  30  3:17  SCV  
  31  3:22  Marine x2  
  33  3:27  Supply Depot  
  33  3:29  SCV  
  33  3:32  Widow Mine  
  33  3:33  SCV  
  37  3:45  SCV  
  38  3:48  Medivac  
  38  3:51  Marine x2  
  38  3:52  SCV  
  38  3:53  Widow Mine  
  45  3:57  SCV  
  46  4:12  Marine, SCV  
  46  4:13  Marine, SCV  
  48  4:20  Command Center  
  48  4:22  Factory Tech Lab  
  48  4:24  SCV  
  48  4:26  SCV  
  48  4:30  Starport Tech Lab  
  49  4:31  Supply Depot  
  49  4:33  Marine x2  
  49  4:36  SCV  
  52  4:38  SCV  
  52  4:44  Supply Depot  
  53  4:48  SCV  
  54  4:52  Marine x2  
  54  4:53  Siege Tank, SCV  
  54  4:54  Raven  
  62  5:04  Barracks  
  62  5:06  SCV x2  
  64  5:08  Barracks  
  64  5:18  Marine x2, SCV x2  
  64  5:21  Refinery x2  
  66  5:29  Siege Tank  
  66  5:30  SCV x2  
  66  5:34  Orbital Command  
  69  5:38  Marine x2  
  69  5:42  SCV x2  
  72  5:45  Engineering Bay  
  72  5:46  Engineering Bay  
  73  5:54  SCV  
  73  5:56  SCV  
  75  5:57  Starport Reactor  
  75  6:02  Stimpack  
  75  6:07  Marauder, SCV  
  75  6:08  Orbital Command, SCV  
  79  6:14  Marauder, Combat Shield  
  79  6:15  Marine  
  79  6:17  Factory Reactor  
  82  6:18  Supply Depot  
  82  6:19  Marine, SCV  
  82  6:20  SCV  
  82  6:22  Supply Depot  
  82  6:23  Terran Infantry Armor Level 1, Terran Infantry Weapons Level 1  
  85  6:36  Barracks  
  85  6:37  Barracks  
  85  6:40  Marauder, SCV x3  
  85  6:44  Supply Depot x2, Marine x2, Marauder  
  85  6:46  Medivac  
  96  6:48  Medivac  
  96  6:52  SCV x3  
  101  6:58  Supply Depot  
  101  6:59  Supply Depot  
  101  7:05  Marine x2, SCV  
  101  7:06  Widow Mine x2  
  101  7:07  SCV x2  
  110  7:10  Supply Depot  
  110  7:13  Marauder  
  112  7:17  SCV  
  112  7:20  Medivac x2, Armory  
  112  7:22  Supply Depot  
  117  7:26  Supply Depot, SCV  
  117  7:27  Marine  
  117  7:28  Marine  
  120  7:30  Barracks Tech Lab  
  120  7:31  Barracks Tech Lab  
  120  7:32  SCV  
  120  7:33  SCV  
  120  7:36  Missile Turret  
  122  7:41  Missile Turret, Widow Mine  
  122  7:42  SCV  
  125  7:44  SCV  
  125  7:46  Supply Depot  
  125  7:50  Sensor Tower, Marauder x2  
  130  7:53  Marauder  
  130  7:57  Marine x2  
  134  7:59  Widow Mine, Medivac x2  
  134  8:05  Refinery  
  140  8:07  SCV x2  
  140  8:08  Concussive Shells, Refinery  
  140  8:10  Marine  
  142  8:16  Command Center  
  140  8:29  Widow Mine x2  
  128  8:43  Marine  
  128  8:44  Marine x3, Marauder x2  
  128  8:45  Viking x2  
  128  8:46  SCV x3  
  138  8:49  Ghost Academy  
  138  8:50  Widow Mine, Terran Infantry Weapons Level 2  
  138  8:51  Widow Mine  
  142  9:01  Marine  
  142  9:02  Marauder, Terran Infantry Armor Level 2  
  145  9:03  SCV x2  
  145  9:07  Barracks  
  145  9:09  Barracks x2, Marauder x3  
  153  9:12  Starport  
  153  9:23  Marauder  
  154  9:30  Marauder  
  142  9:34  Viking  
  142  9:38  Marine  
  119  9:39  Marine x2  
  119  9:40  Marauder  
  119  9:44  Marine  
  107  9:54  Marine  
  107  9:56  Marine  
  107  9:57  Marine, Widow Mine, Marauder  
  107  9:59  SCV x3  
  102  10:01  Marine  
  102  10:02  Marine  
  94  10:11  SCV x2  
  94  10:13  Marauder  
  94  10:14  Marine  
  92  10:15  Marine  
  92  10:18  Marine  
  92  10:19  Viking, Marauder  
  92  10:20  Marauder  
  98  10:21  SCV  
  98  10:23  SCV x2  
  98  10:26  SCV  
  102  10:31  Marine  
  102  10:32  Marine  
  102  10:33  SCV  
  102  10:34  Marine  
  102  10:35  Enhanced Shockwaves, SCV x2  
  108  10:46  SCV  
  108  10:48  Marine x2  
  113  10:54  SCV x2  
  113  10:57  Terran Ship Weapons Level 1  
  117  11:04  SCV  
  117  11:07  Planetary Fortress  
  117  11:11  Unknown x2, SCV  
  119  11:13  SCV  
  119  11:16  SCV  
  125  11:19  Marine x2  
  125  11:23  Marine, Refinery, SCV  
  125  11:24  Refinery  
  129  11:26  Marine, SCV  
  129  11:28  SCV  
  129  11:30  Unknown x2  
  131  11:35  SCV  
  131  11:36  Sensor Tower  
  131  11:38  Marine x2, Marauder, SCV  
  137  11:41  Unknown x2, SCV  
  137  11:44  Marine, Marauder, SCV  
  141  11:47  SCV  
  141  11:50  SCV  
  141  11:53  SCV  
  144  11:55  Supply Depot  
  144  11:56  Marine x3, SCV  
  144  11:57  Marauder  
  144  11:59  SCV  
  151  12:02  SCV  
  151  12:04  Marine x2, Marauder  
  151  12:07  SCV  
  156  12:14  SCV x2  
  158  12:21  Marine x2  
  158  12:22  Marauder x2  
  164  12:30  Supply Depot, Command Center  
  164  12:31  Supply Depot, Sensor Tower  
  164  12:36  Marine x3, Marauder x2  
  164  12:49  Missile Turret  
  164  12:50  SCV x2  
  161  12:55  SCV x2  
  161  12:57  Marine x2, Marauder  
  167  12:58  Marine  
  167  12:59  Marine x2, Marauder x2  
  167  13:02  SCV x2  
  176  13:07  SCV  
  176  13:08  Viking  
  176  13:10  Marine  
  176  13:11  Supply Depot  
  180  13:14  Marine  
  180  13:19  Marine x2  
  185  13:20  Marauder  
Show
View Real Time Build Order
Export as new Build Order

PattyMac Protoss 

Build Orders: 1 Gate Expand, Phoenix Opening, Blink Stalkers, Zealot Archon 

Get SALT Encoding   

  12  0:00  Probe  
  13  0:12  Probe  
  14  0:20  Pylon  
  14  0:24  Probe  
  15  0:39  Gateway, Probe (Chrono Boost)  
  16  0:47  Probe (Chrono Boost)  
  16  0:48  Assimilator  
  17  0:53  Probe  
  18  1:06  Probe  
  19  1:18  Probe  
  20  1:26  Cybernetics Core  
  20  1:35  Nexus  
  20  1:41  Probe  
  20  1:46  Pylon  
  21  1:53  Probe  
  22  1:56  Assimilator  
  22  2:01  Adept (Chrono Boost)  
  22  2:06  Probe  
  25  2:14  Shield Battery  
  25  2:17  Warp Gate  
  25  2:19  Probe  
  26  2:26  Stalker (Chrono Boost)  
  27  2:44  Probe (Chrono Boost)  
  27  2:48  Probe (Chrono Boost)  
  30  2:51  Sentry  
  30  2:57  Probe (Chrono Boost)  
  30  2:58  Probe (Chrono Boost)  
  32  3:06  Twilight Council  
  32  3:08  Probe (Chrono Boost)  
  32  3:09  Probe (Chrono Boost)  
  36  3:20  Probe (Chrono Boost)  
  36  3:22  Probe (Chrono Boost)  
  36  3:25  Probe (Chrono Boost)  
  37  3:28  Phoenix, Assimilator  
  37  3:30  Probe  
  37  3:31  Gateway  
  38  3:37  Probe  
  38  3:40  Blink (Chrono Boost)  
  39  3:45  Probe (Chrono Boost)  
  40  3:50  Probe (Chrono Boost)  
  41  4:00  Probe (Chrono Boost)  
  41  4:01  Probe (Chrono Boost)  
  43  4:05  Probe (Chrono Boost)  
  43  4:07  Stalker  
  46  4:12  Probe  
  46  4:25  Pylon  
  46  4:29  Nexus  
  46  4:33  Robotics Facility  
  46  4:42  Pylon  
  46  4:43  Probe x2, Assimilator  
  48  4:46  Pylon  
  48  4:52  Stalker  
  50  4:55  Probe (Chrono Boost)  
  50  4:58  Stalker, Probe (Chrono Boost)  
  55  5:07  Probe (Chrono Boost)  
  55  5:11  Probe (Chrono Boost)  
  55  5:12  Probe (Chrono Boost)  
  57  5:16  Phoenix  
  57  5:19  Probe  
  57  5:21  Probe  
  56  5:31  Robotics Bay, Probe  
  56  5:33  Observer (Chrono Boost)  
  56  5:34  Forge, Probe  
  59  5:47  Probe (Chrono Boost)  
  59  5:48  Probe (Chrono Boost), Observer  
  62  5:50  Probe (Chrono Boost)  
  62  5:53  Observer  
  62  5:57  Charge  
  65  5:58  Probe (Chrono Boost)  
  65  5:59  Probe (Chrono Boost)  
  65  6:00  Probe (Chrono Boost)  
  65  6:03  Probe (Chrono Boost)  
  66  6:04  Gateway  
  66  6:06  Protoss Ground Weapons Level 1 (Chrono Boost)  
  66  6:08  Probe  
  66  6:10  Probe  
  66  6:11  Gateway  
  69  6:14  Probe  
  69  6:16  Gateway  
  69  6:17  Colossus (Chrono Boost)  
  70  6:23  Probe x2  
  78  6:27  Probe  
  78  6:29  Observer  
  78  6:31  Templar Archives  
  79  6:39  Zealot  
  81  6:40  Zealot  
  81  6:41  Gateway  
  81  6:44  Pylon  
  83  6:48  Phoenix  
  83  6:50  Gateway  
  83  6:51  Gateway  
  83  6:52  Extended Thermal Lance (Chrono Boost)  
  83  6:57  Pylon  
  83  6:58  Observer  
  83  6:59  Zealot  
  85  7:03  Zealot x2  
  85  7:07  Pylon  
  89  7:12  Colossus (Chrono Boost)  
  89  7:21  High Templar x2  
  99  7:25  Archon  
  99  7:26  Pylon, High Templar x2  
  99  7:27  Zealot  
  105  7:30  Pylon  
  105  7:32  Pylon, Observer  
  105  7:37  Archon  
  105  7:38  Gateway  
  105  7:42  Zealot  
  107  7:48  Pylon  
  107  7:49  Pylon  
  107  7:50  Zealot x3  
  112  7:58  Pylon  
  112  7:59  High Templar  
  112  8:02  Zealot x3  
  126  8:12  Zealot x4  
  134  8:24  Zealot x3  
  132  8:32  Stalker x2  
  132  8:33  Stalker x3, Observer  
  110  8:42  Colossus (Chrono Boost)  
  110  8:54  Pylon  
  110  8:58  Pylon  
  110  9:01  Pylon  
  109  9:02  Probe  
  109  9:03  Pylon, Probe  
  109  9:17  Zealot  
  109  9:18  Zealot x4  
  109  9:19  Pylon  
  101  9:43  Stalker x5  
  71  10:03  Zealot x4  
  45  10:29  Observer (Chrono Boost)  
  45  10:31  Probe x2 (Chrono Boost)  
  45  10:35  Dark Shrine  
  49  10:37  Probe (Chrono Boost)  
  49  10:39  Assimilator  
  49  10:40  Probe x2 (Chrono Boost)  
  47  10:42  Stalker x2  
  47  10:43  Stalker x3, Assimilator  
  47  10:44  Probe (Chrono Boost)  
  47  10:45  Probe (Chrono Boost)  
  47  10:46  Probe (Chrono Boost)  
  59  10:56  Probe (Chrono Boost)  
  62  10:57  Disruptor (Chrono Boost), Probe x2 (Chrono Boost)  
  62  11:01  Probe (Chrono Boost)  
  62  11:02  Probe x2 (Chrono Boost)  
  68  11:10  Probe (Chrono Boost)  
  69  11:12  Probe (Chrono Boost)  
  69  11:14  Probe (Chrono Boost)  
  69  11:16  Protoss Ground Weapons Level 2 (Chrono Boost)  
  71  11:22  Probe (Chrono Boost)  
  72  11:26  Observer  
  72  11:28  Disruptor (Chrono Boost)  
  75  11:42  Probe x2  
  77  11:49  Dark Templar x3  
  83  11:56  Shield Battery  
  83  12:00  Probe x2  
  84  12:13  Disruptor (Chrono Boost)  
  84  12:17  Stalker x6  
  84  12:21  Nexus  
  96  12:37  Probe  
  96  12:38  Pylon, Stalker x3  
  101  12:53  Disruptor (Chrono Boost)  
  101  12:58  Dark Templar, Probe x2  
  104  12:59  Dark Templar  
  104  13:00  Pylon  
  104  13:05  Probe  
  109  13:08  Zealot x3  
  109  13:10  Probe  
  116  13:13  Probe  
  116  13:16  Assimilator  
  116  13:17  Probe  
  116  13:20  Assimilator  
  116  13:21  Stalker  
  116  13:22  High Templar x2  
  116  13:26  Archon  
  122  13:29  Stalker  
  122  13:33  Stalker  
  122  13:34  Stalker  
  94  13:42  Stalker, Zealot  
Tags
 
Add a new tag
Caveats
  • Supply blocks, unpowered buildings, or Contaminate may cause inaccurate times.
  • Supply counts are checked every 10 seconds.